 Dungeon Crawl Stone Soup version 0.22.1 (webtiles) character file.

557 MalarOregon the Chopper (level 7, 0/59 HPs)
             Began as a Hill Orc Skald on Sept 17, 2018.
             Was an Initiate of Nemelex Xobeh.
             Slain by Pikel
             ... wielding a +2 whip of electrocution
              (4 damage)
             ... on level 4 of the Dungeon.
             The game lasted 00:13:24 (5841 turns).

MalarOregon the Chopper (Hill Orc Skald)            Turns: 5841, Time: 00:13:25

Health: 0/59       AC:  6    Str: 14    XL:     7   Next: 30%
Magic:  4/10       EV: 18    Int: 15    God:    Nemelex Xobeh [......]
Gold:   199        SH:  0    Dex: 15    Spells: 2/10 levels left

rFire    . . .     SeeInvis .   a - +0 hand axe
rCold    . . .     Gourm    .   (no shield)
rNeg     . . .     Faith    .   b - +0 leather armour
rPois    .         Spirit   .   (no helmet)
rElec    .         Reflect  .   h - +2 cloak
rCorr    .         Harm     .   (no gloves)
MR       .....                  (no boots)
Stlth    ++........             (no amulet)
HPRegen  0.19/turn              (no ring)
MPRegen  0.12/turn              (no ring)

@: agile
A: no striking features
a: Renounce Religion


You were on level 4 of the Dungeon.
You worshipped Nemelex Xobeh.
Nemelex Xobeh was noncommittal.
You were hungry.

You visited 2 branches of the dungeon, and saw 5 of its levels.

You collected 199 gold pieces.

Inventory:

Hand Weapons
 a - a +0 hand axe (weapon)
Armour
 b - a +0 leather armour (worn)
 h - a +2 cloak (worn)
Jewellery
 m - a +4 amulet of reflection {unknown}
Scrolls
 e - a scroll of teleportation
 f - a scroll of amnesia {unknown}
 g - 3 scrolls of remove curse {unknown}
 j - a scroll of identify {unknown}
 k - a scroll of blinking {unknown}
 l - 2 scrolls of fear {unknown}
 p - a scroll of enchant weapon {unknown}
Comestibles
 c - 3 chunks of flesh
 d - 10 rations


   Skills:
 + Level 4.2 Fighting
 * Level 6.2 Axes
 + Level 3.3 Armour
 + Level 2.8 Dodging
 - Level 2.0 Spellcasting
 + Level 3.7 Charms
 + Level 0.8 Invocations


You had 2 spell levels left.
You knew the following spells:

 Your Spells              Type           Power        Failure   Level  Hunger
a - Infusion              Chrm           ##..         6%          1    #......
b - Song of Slaying       Chrm           ##......     9%          2    ###....
c - Shroud of Golubria    Chrm/Tloc      #.........   19%         2    ###....
d - Regeneration          Chrm/Necr      #.........   36%         3    ###....

Your spell library contained the following spells:

 Spells                   Type           Power        Failure   Level  Hunger
 Flame Tongue             Conj/Fire      #....        26%         1    #......
 Throw Flame              Conj/Fire      #.....       38%         2    ###....
 Spectral Weapon          Hex/Chrm       #.......     36%         3    ###....
 Conjure Flame            Conj/Fire      #.......     63%         3    ###....
 Inner Flame              Hex/Fire       #.......     63%         3    ###....
 Sticky Flame             Conj/Fire      #.......     95%         4    #####..
 Fireball                 Conj/Fire      #.........   100%        5    ######.


Dungeon Overview and Level Annotations

Branches:
Dungeon (4/15)             Temple (1/1) D:4

Altars:
Ashenzari
Cheibriados
Dithmenos
Fedhas
Gozag
Hepliaklqana
Kikubaaqudgha
Makhleb
Nemelex Xobeh
Okawaru
Qazlal
Ru
Sif Muna
Uskayaw
Vehumet
Wu Jian
Xom
Yredelemnul
Zin

Annotations:
D:4 3 runed doors, Pikel; Zleub's ghost, novice MfIE


Message History

Pikel is heavily wounded.
Pikel says, "You'll feel the lick of my whip!"
Pikel barely misses you.
You slash Pikel!
Pikel is severely wounded.
Pikel hits you but does no damage.
You are electrocuted!
* * * LOW HITPOINT WARNING * * *
Okay, then.
Your shroud begins to fray at the edges.
Things that are here:
a leather armour; a flail You aren't carrying any potions.
Okay, then.
As you read the scroll labeled ANAILE QURUA, it crumbles to dust.
You hear a very strange noise indeed.
It was a scroll of random uselessness.
Your shroud unravels.
Pikel hits you with a whip of electrocution.
You die...
Your body disappears without a glow.

########
######.p[...#
#...Kp.####.#
#..@#### #.#
#...# #p#
###### #...#
#p# #.....
#...# #.#
#..... #...#
#.# #>....
##### #.#
#..... ##.#
#..... #####
###..# #.....
#...# #...##
#.....


You could see Pikel and 2 slaves.

Vanquished Creatures
  2 phantoms (D:4)
  2 slaves
  Blork the orc (D:4)
  A howler monkey (D:4)
  A hound (D:4)
  A hound skeleton (D:4)
  A howler monkey skeleton (D:3)
  8 adders
  3 oozes
  An adder skeleton (D:4)
  3 worms
  4 dart slugs
  4 leopard geckos
  11 orcs
  10 bats
  13 giant cockroaches
  9 goblins
  6 hobgoblins
  4 jackals
  A quokka (D:2)
  A ball python (D:3)
  8 frilled lizards
  7 kobolds
  8 rats
110 creatures vanquished.

Notes
Turn   | Place    | Note
-------+----------+-------------------------------------------
     0 | D:1      | MalarOregon the Hill Orc Skald began the quest for the Orb.
     0 | D:1      | Reached XP level 1. HP: 18/18 MP: 3/3
    80 | D:1      | Reached skill level 3 in Axes
    80 | D:1      | Reached XP level 2. HP: 6/25 MP: 0/4
   835 | D:1      | Reached XP level 3. HP: 27/30 MP: 5/5
  1148 | D:2      | HP: 2/45 [poisoned by an adder]
  1154 | D:2      | HP: 1/30 [poisoned by an adder]
  1290 | D:2      | Learned a level 2 spell: Song of Slaying
  1293 | D:2      | Learned a level 2 spell: Shroud of Golubria
  1498 | D:2      | Reached XP level 4. HP: 20/37 MP: 1/6
  1510 | D:2      | Reached skill level 4 in Axes
  2413 | D:2      | Reached XP level 5. HP: 45/45 MP: 8/8
  2978 | D:3      | Found a deep blue altar of Sif Muna.
  2982 | D:3      | Found an ornate altar of the Wu Jian Council.
  2982 | D:3      | Found a radiant altar of Vehumet.
  2985 | D:3      | Found a burning altar of Makhleb.
  2987 | D:3      | Found an iron altar of Okawaru.
  3777 | D:4      | Found a runed gate.
  3777 | D:4      | Found a runed gate.
  3777 | D:4      | Found an opulent altar of Gozag.
  3777 | D:4      | Found a runed gate.
  3801 | D:4      | Noticed Zleub's ghost (novice MfIE)
  3804 | D:4      | Noticed Blork the orc
  3820 | D:4      | Killed Blork the orc
  3820 | D:4      | Reached skill level 5 in Axes
  3820 | D:4      | Reached XP level 6. HP: 20/51 MP: 5/9
  3933 | D:4      | Noticed a phantom
  4017 | D:4      | Killed a phantom
  4351 | D:4      | Found a staircase to the Ecumenical Temple.
  4352 | D:4      | Found a hide-covered altar of Uskayaw.
  4352 | D:4      | Noticed a phantom
  4424 | D:4      | Killed a phantom
  4424 | D:4      | Reached skill level 6 in Axes
  4424 | D:4      | Reached XP level 7. HP: 18/59 MP: 3/10
  4561 | Temple   | Entered the Ecumenical Temple
  4836 | Temple   | Became a worshipper of Nemelex Xobeh the Trickster
  4870 | D:4      | Learned a level 3 spell: Regeneration
  4923 | D:4      | Noticed Pikel
  5196 | D:4      | Found a shimmering altar of Xom.
  5828 | D:4      | HP: 2/59 [Pikel/whip of electrocution (19)]
  5841 | D:4      | Slain by Pikel

Skill      XL: |  1  2  3  4  5  6 |
---------------+-------------------+-----
Axes           | 3 4 5 6 |  6.2
Charms         | 3 |  3.7
Dodging        | 2 |  2.8
Fighting       | 3 4 |  4.2
Spellcasting   | 2 |  2.0
Armour         | 2 3 |  3.3
Invocations    | |  0.8

Action                   |  1- 3 |  4- 6 |  7- 9 || total
-------------------------+-------+-------+-------++-------
Melee: Hand axe          |   155 |   336 |   153 ||   644
 Cast: Infusion          |     2 |     1 |       ||     3
       Shroud of Golubri |     6 |    41 |    20 ||    67
       Regeneration      |       |       |     2 ||     2
  Use: Potion            |     3 |     1 |     3 ||     7
       Scroll            |       |       |     2 ||     2
 Stab: Sleeping          |     1 |       |       ||     1
  Eat: Chunk             |     2 |    13 |     7 ||    22
Armor: Leather armour    |    70 |   111 |    50 ||   231
Dodge: Dodged            |   101 |   245 |   117 ||   463
